 Dungeon Sprint DCSS version 0.30.1-4-g462c640d31 (webtiles) character file.

Game seed: 12299065837008649982

11975 Heoruswealwe the Ninja (level 11, -2/63 HPs)
             Began as a Spriggan Artificer on Aug 30, 2023.
             Was an Initiate of Gozag.
             Killed by divine providence
             ... invoked by a meliai
              (13 damage)
             ... in the Dungeon (Sprint I: "Red Sonja").
             The game lasted 00:13:01 (1158 turns).

Heoruswealwe the Ninja (Spriggan Artificer)         Turns: 1158, Time: 00:13:01

Health: -2/63      AC:  2    Str:  8    XL:     11   Next: 56%
Magic:  12/12      EV: 30    Int: 13    God:    Gozag
Gold:   2566       SH:  0    Dex: 20    Spells: 10/10 levels left

rFire   . . .        a - +5 dagger (drain)
rCold   . . .        (no shield)
rNeg    . . .        c - +0 robe
rPois   .            (helmet restricted)
rElec   .            (no cloak)
rCorr   .            (gloves unavailable)
SInv    +            (boots unavailable)
Will    +....        (no amulet)
Stlth   ++++++++++   (no ring)
HPRegen 0.30/turn    (no ring)
MPRegen 0.13/turn

%: no teleportation
@: very quick
A: very small, no large weapons, unfitting armour, see invisible, speed 3
a: Renounce Religion, Potion Petition, Call Merchant, Bribe Branch


You were in the Dungeon.
You worshipped Gozag.
Gozag was most pleased with you.
You visited 1 branch You collected 3036 gold pieces.
You donated 470 gold pieces to Zin.

Inventory:

Hand Weapons
 a - a +5 dagger of draining (weapon)
Armour
 c - a +0 robe (worn)
Wands
 d - a wand of charming (15)
 i - a wand of flame (7) (quivered)
 l - a wand of roots (12)
Scrolls
 b - a scroll of identify {unknown}
 k - a scroll of blinking
 m - a scroll of enchant armour {unknown}
 n - a scroll of enchant weapon {unknown}
 o - a scroll of immolation {unknown}
Potions
 e - a potion of invisibility {unknown}
 f - 3 potions of curing


   Skills:
 + Level 9.8 Fighting
 * Level 17.3 Short Blades
 + Level 15.1 Dodging
 O Level 27 Stealth
 - Level 4.0 Evocations


You had 10 spell levels left.
You didn't know any spells.
Your spell library contained the following spells:

 Spells                   Type           Power      Damage    Failure   Level
 Beastly Appendage        Tmut           0%         N/A       30%         1
 Freeze                   Ice            0%         1d3       30%         1
 Sting                    Tmut/Pois      0%         1d3       30%         1
 Cigotuvi's Dreadful Rot  Necr/Pois/Air  0%         N/A       43%         2
 Frozen Ramparts          Ice            0%         1d1       67%         3
 Hailstorm                Conj/Ice       0%         3d3       67%         3
 Ignite Poison            Fire/Tmut/Pois 0%         N/A       67%         3
 Freezing Cloud           Conj/Ice/Air   0%         6-21      100%        5
 Storm Form               Tmut/Air       0%         N/A       100%        7


Dungeon Overview and Level Annotations

Branches:
Dungeon (1/1)

Altars:
Cheibriados
Dithmenos
Elyvilon
Fedhas
Gozag
Hepliaklqana
Kikubaaqudgha
Makhleb
Nemelex Xobeh
Okawaru
Qazlal
Ru
Sif Muna
Trog
Uskayaw
Vehumet
Wu Jian
Xom
Yredelemnul
Zin
The Shining One
Jiyva
Lugonu

Shops:
D ?=[


Innate Abilities, Weirdness & Mutations

You are very small and have problems with some larger weapons.
You are too small for most types of armour.
You have supernaturally acute eyesight. (SInv)
You cover ground extremely quickly. (Speed+++)


Message History

You start resting.
You feel yourself slow down.
You start resting.
Magic restored.
You start resting.
HP restored.
You start waiting.
Done waiting.
e - an orange potion
There is an open door here.
You see here 54 gold pieces.
You now have 2404 gold pieces (gained 54).
Okay, then.
You see here 27 gold pieces.
You see here 27 gold pieces.
You now have 2431 gold pieces (gained 27).
You see here 27 gold pieces.
You now have 2458 gold pieces (gained 27).
The meliai buzzes angrily.
The meliai invokes the aid of its god against you.
Something smites you!
The meliai calls down the wrath of its god upon you.
Something smites you!
You see here 27 gold pieces.
You now have 2485 gold pieces (gained 27).
The meliai calls down the wrath of its god upon you.
Something smites you!
You see here 27 gold pieces.
You now have 2512 gold pieces (gained 27).
You see here 27 gold pieces.
You now have 2539 gold pieces (gained 27).
The meliai calls down the wrath of its god upon you.
Something smites you!
* * * LOW HITPOINT WARNING * * *
You see here 27 gold pieces.
You now have 2566 gold pieces (gained 27).
The meliai mumbles some strange prayers to its god against you.
Something smites you!
You die...
Your body crumbles into a pile of gold. ############################ ..'...#..#§...§.§§...+..#..+$$$$ ..#.).##'#§####.§§§.##..'..#$$$$ ###)..'..#§#.###...#######+#$$ $$ (.#####..+.#'#.###+# $$$$$ .)#$$##+####...#y# $$$ $$$$

.§+ #°○...#...###
$
§)#$$#○....+....@#
$ ###
###...#.....# $
[### $#°..###++##
$ ##(## $#.°##
.'.∩# #○°# $$
##### $##+#$$ $ $
#.#$$$$$$$$$ $
###$$$$$$$$$ $$


$$$$$$ $$$$ You could see a meliai.

Vanquished Creatures
  A lorocyproca (D)
  A hydra (D)
  2 centaur warriors (D)
  Sonja (D)
  A deep troll (D)
  A lindwurm (D)
  8 shining eyes (D)
  A gargoyle (D)
  4 demonic crawlers (D)
  2 kobold demonologists (D)
  A slime creature (D)
  Sigmund (D)
  A yak (D)
  13 hogs (D)
  6 floating eyes (D)
  An ogre (D)
  A jelly (D)
  Ijyb (D)
  A ballistomycete spore (D)
48 creatures vanquished.

Vanquished Creatures (others)
  A ballistomycete spore (D)
1 creature vanquished.

Grand Total: 49 creatures vanquished

Notes
Turn   | Place    | Note
-------+----------+-------------------------------------------
     0 | D        | Heoruswealwe the Spriggan Artificer began the quest for the
                  | Orb.
     0 | D        | Reached XP level 1. HP: 9/9 MP: 2/2
     1 | D        | Noticed Ijyb
     3 | D        | Killed Ijyb
     4 | D        | Reached skill level 8 in Stealth
     4 | D        | Reached XP level 2. HP: 14/14 MP: 3/3
    12 | D        | Noticed an ogre
    15 | D        | Killed an ogre
    16 | D        | Reached skill level 14 in Stealth
    16 | D        | Reached XP level 3. HP: 17/17 MP: 4/4
    16 | D        | Reached XP level 4. HP: 21/21 MP: 5/5
    25 | D        | Noticed Sigmund
    27 | D        | Killed Sigmund
    28 | D        | Reached skill level 18 in Stealth
    28 | D        | Reached XP level 5. HP: 25/25 MP: 6/6
    41 | D        | Found an ornate altar of the Wu Jian Council.
    41 | D        | Found a shimmering blue altar of Sif Muna.
    43 | D        | Found a radiant altar of Vehumet.
    49 | D        | Reached skill level 19 in Stealth
    49 | D        | Reached XP level 6. HP: 29/29 MP: 7/7
    77 | D        | Found Jurreh's Jewellery Emporium.
    77 | D        | Found an ancient bone altar of Kikubaaqudgha.
    77 | D        | Found a hazy altar of Hepliaklqana.
    77 | D        | Found a stormy altar of Qazlal.
    77 | D        | Found a hide-covered altar of Uskayaw.
    77 | D        | Found a blossoming altar of Fedhas.
    77 | D        | Found a bloodstained altar of Trog.
    77 | D        | Found an iron altar of Okawaru.
    77 | D        | Found a basalt altar of Yredelemnul.
    77 | D        | Found a glowing golden altar of the Shining One.
    77 | D        | Found a snail-covered altar of Cheibriados.
    77 | D        | Found a sacrificial altar of Ru.
    77 | D        | Found a glowing silver altar of Zin.
    77 | D        | Found a shadowy altar of Dithmenos.
    77 | D        | Found a white marble altar of Elyvilon.
    77 | D        | Noticed a yak
    78 | D        | Found an opulent altar of Gozag.
    79 | D        | Killed a yak
    80 | D        | Reached skill level 21 in Stealth
    80 | D        | Found a sparkling altar of Nemelex Xobeh.
    85 | D        | Became a worshipper of Zin the Law-Giver
    85 | D        | Reached * piety under Zin
    85 | D        | Reached ** piety under Zin
    85 | D        | Reached *** piety under Zin
    85 | D        | Reached **** piety under Zin
    85 | D        | Reached ***** piety under Zin
    85 | D        | Reached ****** piety under Zin
    94 | D        | Noticed Sonja
    98 | D        | Was placed under penance by Zin
    98 | D        | Killed Sonja
    99 | D        | Reached skill level 25 in Stealth
    99 | D        | Reached XP level 7. HP: 32/32 MP: 8/8
   101 | D        | Was forgiven by Zin
   112 | D        | Was placed under penance by Zin
   188 | D        | Was forgiven by Zin
   214 | D        | Found Muasm's Magic Scroll Boutique.
   224 | D        | Noticed a shining eye
   224 | D        | Noticed a shining eye
   224 | D        | Noticed a shining eye
   224 | D        | Noticed a shining eye
   224 | D        | Noticed a shining eye
   224 | D        | Noticed a shining eye
   226 | D        | Was placed under penance by Zin
   227 | D        | Reached XP level 8. HP: 37/37 MP: 9/9
   248 | D        | Donated 290 gold pieces to Zin
   249 | D        | Donated 145 gold pieces to Zin
   250 | D        | Was forgiven by Zin
   259 | D        | Noticed a centaur warrior
   259 | D        | Noticed a centaur warrior
   265 | D        | Was placed under penance by Zin
   265 | D        | Killed a centaur warrior
   265 | D        | Was forgiven by Zin
   266 | D        | Reached skill level 27 in Stealth
   266 | D        | Reached skill level 1 in Fighting
   266 | D        | Was placed under penance by Zin
   266 | D        | Killed a centaur warrior
   267 | D        | Reached XP level 9. HP: 44/44 MP: 10/10
   267 | D        | Was forgiven by Zin
   288 | D        | Noticed a deep troll
   290 | D        | Was placed under penance by Zin
   290 | D        | Killed a deep troll
   290 | D        | Was forgiven by Zin
   304 | D        | Found Miuna's Armour Emporium.
   330 | D        | Noticed a shining eye
   330 | D        | Noticed a shining eye
   332 | D        | Was placed under penance by Zin
   341 | D        | Killed a shining eye
   341 | D        | Was forgiven by Zin
   342 | D        | Reached skill level 5 in Fighting
   342 | D        | Was placed under penance by Zin
   342 | D        | Killed a shining eye
   342 | D        | Was forgiven by Zin
   343 | D        | Reached skill level 10 in Short Blades
   345 | D        | Was placed under penance by Zin
   345 | D        | Killed a shining eye
   345 | D        | Was forgiven by Zin
   346 | D        | Reached skill level 10 in Dodging
   346 | D        | Reached XP level 10. HP: 53/53 MP: 11/11
   353 | D        | Was placed under penance by Zin
   353 | D        | Killed a shining eye
   353 | D        | Was forgiven by Zin
   366 | D        | Was placed under penance by Zin
   368 | D        | Was forgiven by Zin
   369 | D        | Was placed under penance by Zin
   371 | D        | Was forgiven by Zin
   372 | D        | Was placed under penance by Zin
   374 | D        | Killed a shining eye
   374 | D        | Was forgiven by Zin
   377 | D        | Was placed under penance by Zin
   384 | D        | Killed a shining eye
   395 | D        | Killed a shining eye
   405 | D        | Killed a shining eye
   425 | D        | Fell from the grace of Zin
   425 | D        | Became a worshipper of Gozag Ym Sagoz the Greedy
   436 | D        | Found a burning altar of Makhleb.
   436 | D        | Found a viscous altar of Jiyva.
   436 | D        | Found a shimmering altar of Xom.
   436 | D        | Found a corrupted altar of Lugonu.
   479 | D        | Noticed a demonic crawler
   479 | D        | Noticed a demonic crawler
   479 | D        | Noticed a demonic crawler
   479 | D        | Noticed a demonic crawler
   481 | D        | Killed a demonic crawler
   482 | D        | Killed a demonic crawler
   484 | D        | Killed a demonic crawler
   485 | D        | Reached XP level 11. HP: 60/60 MP: 12/12
   486 | D        | Reached skill level 15 in Short Blades
   500 | D        | Got the Quarto of the Queen Bee and the Switch
   524 | D        | Noticed a lindwurm
   527 | D        | Killed a lindwurm
   775 | D        | Noticed a 12-headed hydra
   777 | D        | Killed a 12-headed hydra
   865 | D        | Noticed a lorocyproca
   909 | D        | Killed a lorocyproca
   910 | D        | Reached skill level 15 in Dodging
  1158 | D        | Killed from afar by a meliai

Illustrated notes

Levels and vault maps discovered:
D:        dungeon_sprint_1 [red_sonja_temple_1, red_sonja_temple_small_1]

Skill      XL: |  1  2  3  4  5  6  7  8  9 10 11 |
---------------+----------------------------------+-----
Stealth        | 8 14 18 19 25 27 | 27.0
Fighting       | 3 6 8 9 |  9.8
Short Blades   | 6 11 14 17 | 17.3
Dodging        | 6 10 13 15 | 15.1
Evocations     | |  4.0

Action                     |  1- 3 |  4- 6 |  7- 9 | 10-12 || total
---------------------------+-------+-------+-------+-------++-------
  Melee: Dagger            |     1 |     2 |    14 |   177 ||   194
         Punch             |       |       |       |     4 ||     4
 Invoke: Donate Gold       |       |       |     2 |       ||     2
  Evoke: Wand              |     2 |     6 |       |     7 ||    15
    Use: Potion            |       |       |       |     4 ||     4
   Stab: Sleeping          |     1 |     2 |    10 |    11 ||    24
         Distracted        |       |       |       |     5 ||     5
 Armour: Robe              |       |       |       |     1 ||     1
  Dodge: Dodged            |       |     2 |       |    57 ||    59
